 Dungeon Sprint DCSS version 0.21-a0-201-g8501b10 (webtiles) character file.

34906 Kidiri the Eclecticist (level 12, -2/77 HPs)
             Began as a Deep Elf Fire Elementalist on Aug 18, 2017.
             Was the Champion of Vehumet.
             Slain by a dire elephant (11 damage)
             ... in the Dungeon (Sprint III: "The Ten Rune Challenge").
             The game lasted 00:24:42 (4271 turns).

Kidiri the Eclecticist (Deep Elf Fire Elementalist) Turns: 4271, Time: 00:24:43

Health: -2/77      AC:  6    Str:  5    XL:     12   Next: 58%
Magic:  16/37      EV: 21    Int: 28    God:    Vehumet [******]
Gold:   27         SH:  0    Dex: 15    Spells: 3/49 levels left

rFire    . . .     SeeInvis .   t - +0 dagger
rCold    + . .     Gourm    .   (no shield)
rNeg     . . .     Faith    .   s - +1 robe {rC+}
rPois    +         Spirit   .   (no helmet)
rElec    .         Reflect  .   l - +1 cloak {rPois}
rCorr    .         Harm     .   (no gloves)
MR       +....     NoTele   +   (no boots)
Stlth    ++........             (no amulet)
HPRegen  0.22/turn              (no ring)
MPRegen  0.25/turn              (no ring)

@: radiating poison
A: hooves 1, clever 1, screaming 1
}: 1/10 runes: serpentine
a: Renounce Religion


You were in the Dungeon.
You worshipped Vehumet.
Vehumet was exalted by your worship.
You were not hungry.

You visited 1 branch You collected 27 gold pieces.

Inventory:

Hand Weapons
 t - a +0 dagger (weapon)
Armour
 l - a +1 cloak of poison resistance (worn)
 s - a +1 robe of cold resistance (worn)
Wands
 b - a wand of confusion (18/48)
Scrolls
 j - 4 scrolls of remove curse
 m - a scroll of holy word
 n - a scroll of identify
 p - a scroll of immolation
Potions
 h - 2 potions of berserk rage
 o - 2 potions of might
 q - 2 potions of flight
Comestibles
 c - 2 bread rations


   Skills:
 + Level 9.7 Fighting
 + Level 10.3 Short Blades
 + Level 9.6 Armour
 + Level 13.1 Dodging
 - Level 2.4 Stealth
 * Level 19.1 Spellcasting
 + Level 12.2 Conjurations
 + Level 12.4 Fire Magic
 + Level 7.9 Ice Magic
 + Level 2.9 Air Magic
 + Level 8.0 Earth Magic
 + Level 6.9 Poison Magic


You had 3 spell levels left.
You knew the following spells:

 Your Spells              Type           Power        Failure   Level  Hunger
a - Flame Tongue          Conj/Fire      #####        0%          1    None
b - Throw Flame           Conj/Fire      ######       0%          2    None
c - Conjure Flame         Conj/Fire      #######.     1%          3    None
d - Inner Flame           Hex/Fire       ######..     1%          3    None
e - Sticky Flame          Conj/Fire      #######.     1%          4    None
f - Fireball              Conj/Fire      #######...   1%          5    None
g - Bolt of Magma         Conj/Fire/Erth ######....   1%          5    None
h - Freeze                Ice            ####         1%          1    None
i - Iron Shot             Conj/Erth      ######....   1%          6    #......
j - Olgreb's Toxic Radia  Pois           ######..     1%          4    None
k - Poison Arrow          Conj/Pois      ######....   1%          6    #......
l - Freezing Cloud        Conj/Ice/Air   ######....   2%          6    #......


Dungeon Overview and Level Annotations

Branches:
Dungeon (1/1)

Altars:
Cheibriados
Dithmenos
Elyvilon
Fedhas
Gozag
Hepliaklqana
Kikubaaqudgha
Makhleb
Nemelex Xobeh
Okawaru
Qazlal
Ru
Sif Muna
Trog
Uskayaw
Vehumet
Wu Jian
Xom
Yredelemnul
Zin
The Shining One
Beogh
Jiyva
Lugonu

Shops:
D ?}(

Annotations:
D exclusion: 6 doors, Gastronok


Innate Abilities, Weirdness & Mutations

You have large cloven feet.
Your mind is acute. (Int +2)
You occasionally shout uncontrollably at your foes.


Message History

Unknown command.
Unknown command.
Casting: Iron Shot
Confirm with . or Enter, or press ? or * to list all spells.
Aiming: Iron Shot
Press: ? - help, Shift-Dir - straight line, f - Gastronok, p - dire elephant
Aim: Gastronok, wearing a glowing hat (freezing vapour, lightly wounded, covering ground quickly)
The iron shot hits the dire elephant.
The dire elephant is severely wounded.
The dire elephant looks even sicker.
Gastronok is poisoned.
The dire elephant is engulfed in freezing vapours.
The dire elephant tramples you!!
* * * LOW HITPOINT WARNING * * *
You stumble backwards!
Gastronok is engulfed in freezing vapours.
You feel better.
The dire elephant looks even sicker.
Gastronok looks even sicker.
The dire elephant is engulfed in freezing vapours.
The dire elephant closely misses you. The dire elephant trunk-slaps you!
You die...

▓.................#___#__+
▓▓▓▓▓▓▓▓▓▓▓▓▓▓▓▓▓▓▓▓▓▓▓▓▓▓
▓...+≈≈≈≈≈≈§≈≈♣♣.....♣♣♣♣
▓.YP#≈≈≈§§§§.≈♣♣.≈≈≈≈'♣♣'
▓YPP#≈≈≈§§§§≈≈≈'.....#.≈♣
▓..P#≈≈§§§§≈≈≈♣♣♣♣♣♣♣#..♣
..?#≈≈§≈§≈≈≈≈♣ ###+
▓##§####'#######♣ ♣♣♣♣.
▓.§§w§YY@.......♣♣ ♣...#
▓#+#############+♣ ♣♣.##
.J.#≈...........♣ ♣..#
▓.JJ+≈≈...########♣♣ ♣♣.#
▓.J.#≈≈≈..........P♣ ♣♣.#
▓...#≈≈≈≈.........P♣ ♣...
#+#############+#########
#.......... #..........


You could see Gastronok and 2 dire elephants.

Vanquished Creatures
  Rupert (D)
  A nagaraja (D)
  Josephine (D)
  A naga warrior (D)
  2 anacondas (D)
  A centaur warrior (D)
  4 death yaks (D)
  Urug (D)
  2 unseen horrors (D)
  A lindwurm (D)
  A deep elf mage (D)
  A guardian serpent (D)
  7 black mambas (D)
  2 spiny frogs (D)
  A rime drake (D)
  A komodo dragon (D)
  2 tyrant leeches (D)
  A queen bee (D)
  3 wandering mushrooms (D)
  8 blink frogs (D)
  A shadow (D)
  3 redbacks (D)
  A spatial vortex (D)
  2 nagas (D)
  4 water moccasins (D)
  A swamp drake (D)
  A necrophage (D)
  2 centaurs (D)
  A water elemental (D)
  32 killer bees (D)
  A jelly (D)
  Crazy Yiuf (D)
  Jessica (D)
  A wizard (D)
  A necromancer (D)
  3 humans (D)
  A kobold demonologist (D)
  7 adders (D)
  2 oozes (D)
  A rat (D)
109 creatures vanquished.

Vanquished Creatures (others)
  2 draconian scorchers (D)
  2 yaktaurs (D)
  6 hellions (D)
  10 plants (D)
20 creatures vanquished.

Grand Total: 129 creatures vanquished

Notes
Turn   | Place    | Note
-------+----------+-------------------------------------------
     0 | D        | Kidiri the Deep Elf Fire Elementalist began the quest for the Orb.
     0 | D        | Reached XP level 1. HP: 10/10 MP: 6/6
    37 | D        | Reached skill level 1 in Armour
    37 | D        | Reached skill level 4 in Spellcasting
    37 | D        | Reached XP level 2. HP: 14/16 MP: 2/9
   100 | D        | Learned a level 2 spell: Throw Flame
   101 | D        | Reached skill level 1 in Fighting
   102 | D        | Noticed Jessica
   107 | D        | Killed a hellion
   107 | D        | Killed a hellion
   108 | D        | Killed Jessica
   108 | D        | Reached skill level 5 in Spellcasting
   108 | D        | Reached XP level 3. HP: 10/20 MP: 2/11
   108 | D        | Killed a hellion
   108 | D        | Killed a hellion
   111 | D        | Killed a hellion
   113 | D        | Learned a level 3 spell: Conjure Flame
   117 | D        | Learned a level 3 spell: Inner Flame
   185 | D        | Killed a white draconian scorcher
   227 | D        | Killed a hellion
   264 | D        | Killed a white draconian scorcher
   380 | D        | Killed a yaktaur
   410 | D        | Noticed Crazy Yiuf
   415 | D        | Killed Crazy Yiuf
   415 | D        | Reached skill level 6 in Spellcasting
   415 | D        | Reached XP level 4. HP: 26/26 MP: 6/14
   448 | D        | Gained mutation: You are frail. (-10% HP) [potion of mutation]
   448 | D        | Gained mutation: Your flesh is cold resistant. (rC+) [potion of mutation]
   448 | D        | Gained mutation: Your spells are a little harder to cast, but a little more powerful. [potion of mutation]
   449 | D        | Lost mutation: Your spells are a little harder to cast, but a little more powerful. [potion of mutation]
   449 | D        | Lost mutation: You are frail. (-10% HP) [potion of mutation]
   449 | D        | Lost mutation: Your flesh is cold resistant. (rC+) [potion of mutation]
   449 | D        | Gained mutation: Your muscles are strong. (Str +2) [potion of mutation]
   449 | D        | Gained mutation: Your muscles are very strong. (Str +4) [potion of mutation]
   449 | D        | Gained mutation: You are somewhat resistant to further mutation. [potion of mutation]
   450 | D        | Lost mutation: Your muscles are very strong. (Str +4) [potion of mutation]
   450 | D        | Gained mutation: You are robust. (+10% HP) [potion of mutation]
   452 | D        | Lost mutation: Your muscles are strong. (Str +2) [potion of mutation]
   452 | D        | Lost mutation: You are robust. (+10% HP) [potion of mutation]
   452 | D        | Gained mutation: You have large cloven feet. [potion of mutation]
   452 | D        | Gained mutation: Your system is resistant to poisons. (rPois) [potion of mutation]
   453 | D        | Lost mutation: You are somewhat resistant to further mutation. [potion of mutation]
   453 | D        | Lost mutation: Your system is resistant to poisons. (rPois) [potion of mutation]
   453 | D        | Lost mutation: You have large cloven feet. [potion of mutation]
   453 | D        | Gained mutation: Your skin changes colour to match your surroundings (Stealth+). [potion of mutation]
   453 | D        | Gained mutation: You have a pair of small antennae on your head. [potion of mutation]
   454 | D        | Lost mutation: You have a pair of small antennae on your head. [potion of mutation]
   454 | D        | Lost mutation: Your skin changes colour to match your surroundings (Stealth+). [potion of mutation]
   454 | D        | Gained mutation: Your mind is acute. (Int +2) [potion of mutation]
   454 | D        | Gained mutation: You occasionally shout uncontrollably at your foes. [potion of mutation]
   454 | D        | Gained mutation: You have large cloven feet. [potion of mutation]
   491 | D        | Learned a level 4 spell: Sticky Flame
   496 | D        | Noticed a water elemental
   498 | D        | Killed a water elemental
   498 | D        | Reached skill level 5 in Dodging
   498 | D        | Reached skill level 7 in Spellcasting
   498 | D        | Reached skill level 5 in Fire Magic
   498 | D        | Reached XP level 5. HP: 32/32 MP: 11/17
   506 | D        | Learned a level 5 spell: Fireball
   537 | D        | Found a radiant altar of Vehumet.
   538 | D        | Found a deep blue altar of Sif Muna.
   538 | D        | Found an ancient bone altar of Kikubaaqudgha.
   540 | D        | Reached skill level 8 in Spellcasting
   553 | D        | Became a worshipper of Vehumet
   600 | D        | Found a glowing silver altar of Zin.
   601 | D        | Found a glowing golden altar of the Shining One.
   601 | D        | Found a white marble altar of Elyvilon.
   601 | D        | Noticed a deep elf mage
   604 | D        | Noticed an ice beast
   610 | D        | Killed a deep elf mage
   610 | D        | Reached skill level 10 in Spellcasting
   610 | D        | Reached XP level 6. HP: 39/39 MP: 13/21
   610 | D        | Reached XP level 7. HP: 44/44 MP: 14/23
   659 | D        | Found an ornate altar of the Wu Jian Council.
   659 | D        | Found a roughly hewn altar of Beogh.
   659 | D        | Found an iron altar of Okawaru.
   659 | D        | Found a bloodstained altar of Trog.
   659 | D        | Found a hide-covered altar of Uskayaw.
   659 | D        | Noticed a human
   662 | D        | Killed a human
   662 | D        | Reached skill level 11 in Spellcasting
   663 | D        | Noticed a human
   664 | D        | Killed a human
   664 | D        | Reached * piety under Vehumet
   664 | D        | Offered knowledge of Magic Dart by Vehumet.
   664 | D        | Reached skill level 5 in Fighting
   664 | D        | Reached skill level 5 in Armour
   749 | D        | Found a basalt altar of Yredelemnul.
   749 | D        | Found a shadowy altar of Dithmenos.
   749 | D        | Found a sacrificial altar of Ru.
   907 | D        | Reached ** piety under Vehumet
   907 | D        | Offered knowledge of Freeze by Vehumet.
   910 | D        | Learned a level 1 spell: Freeze
   912 | D        | Noticed a shadow
   927 | D        | Killed a shadow
   927 | D        | Reached skill level 12 in Spellcasting
   927 | D        | Reached XP level 8. HP: 49/49 MP: 9/26
  1014 | D        | Found a blossoming altar of Fedhas.
  1014 | D        | Found a stormy altar of Qazlal.
  1014 | D        | Found a snail-covered altar of Cheibriados.
  1014 | D        | Found a burning altar of Makhleb.
  1014 | D        | Found a shimmering altar of Xom.
  1015 | D        | Found a hazy altar of Hepliaklqana.
  1015 | D        | Found an opulent altar of Gozag.
  1015 | D        | Found a sparkling altar of Nemelex Xobeh.
  1015 | D        | Found a corrupted altar of Lugonu.
  1015 | D        | Found a viscous altar of Jiyva.
  1035 | D        | Reached skill level 5 in Short Blades
  1123 | D        | Noticed Josephine
  1125 | D        | Killed Josephine
  1125 | D        | Offered knowledge of Throw Frost by Vehumet.
  1125 | D        | Reached skill level 13 in Spellcasting
  1125 | D        | Reached XP level 9. HP: 55/55 MP: 16/28
  1242 | D        | Killed a yaktaur
  1281 | D        | Noticed a centaur warrior
  1283 | D        | Reached *** piety under Vehumet
  1286 | D        | Killed a centaur warrior
  1286 | D        | Offered knowledge of Force Lance by Vehumet.
  1286 | D        | Reached skill level 14 in Spellcasting
  1581 | D        | Noticed an unseen horror
  1606 | D        | Noticed an unseen horror
  1610 | D        | Killed an unseen horror
  1610 | D        | Reached skill level 10 in Dodging
  1616 | D        | Killed an unseen horror
  1616 | D        | Reached **** piety under Vehumet
  1616 | D        | Offered knowledge of Bolt of Magma by Vehumet.
  1616 | D        | Reached skill level 15 in Spellcasting
  1623 | D        | Learned a level 5 spell: Bolt of Magma
  1836 | D        | Noticed a queen bee
  1836 | D        | Reached XP level 10. HP: 63/63 MP: 27/31
  1837 | D        | Reached skill level 1 in Earth Magic
  1837 | D        | Reached ***** piety under Vehumet
  1837 | D        | Offered knowledge of Spellforged Servitor by Vehumet.
  1841 | D        | Reached skill level 10 in Fire Magic
  1841 | D        | Reached skill level 1 in Ice Magic
  1851 | D        | Reached ****** piety under Vehumet
  1871 | D        | Reached skill level 10 in Conjurations
  2014 | D        | Reached skill level 16 in Spellcasting
  2100 | D        | Noticed a spiny frog
  2100 | D        | Noticed a spiny frog
  2102 | D        | Killed a spiny frog
  2102 | D        | Offered knowledge of Olgreb's Toxic Radiance by Vehumet.
  2103 | D        | Killed a spiny frog
  2136 | D        | Learned a level 4 spell: Olgreb's Toxic Radiance
  2151 | D        | Reached skill level 1 in Poison Magic
  2423 | D        | Noticed a lindwurm
  2427 | D        | Killed a lindwurm
  2427 | D        | Reached XP level 11. HP: 36/68 MP: 13/33
  2612 | D        | Noticed Urug
  2616 | D        | Killed Urug
  2812 | D        | Reached skill level 5 in Earth Magic
  2940 | D        | Offered knowledge of Iron Shot by Vehumet.
  2941 | D        | Reached skill level 17 in Spellcasting
  2941 | D        | Reached skill level 5 in Ice Magic
  3018 | D        | Learned a level 6 spell: Iron Shot
  3020 | D        | Noticed Rupert
  3047 | D        | Paralysed by Rupert for 7 turns
  3063 | D        | Killed Rupert
  3209 | D        | Noticed a death yak
  3211 | D        | Noticed a death yak
  3213 | D        | Noticed a death yak
  3214 | D        | Noticed a death yak
  3215 | D        | Killed a death yak
  3218 | D        | Killed a death yak
  3374 | D        | Killed a death yak
  3374 | D        | Offered knowledge of Poison Arrow by Vehumet.
  3374 | D        | Reached skill level 18 in Spellcasting
  3374 | D        | Reached skill level 5 in Poison Magic
  3395 | D        | Killed a death yak
  3395 | D        | Reached XP level 12. HP: 57/76 MP: 8/36
  3409 | D        | Learned a level 6 spell: Poison Arrow
  3626 | D        | Noticed an azure jelly
  3626 | D        | Noticed an azure jelly
  3646 | D        | Noticed an anaconda
  3648 | D        | Killed an anaconda
  3650 | D        | Offered knowledge of Freezing Cloud by Vehumet.
  3659 | D        | Learned a level 6 spell: Freezing Cloud
  3723 | D        | Reached skill level 10 in Short Blades
  3724 | D        | Reached skill level 1 in Air Magic
  3815 | D        | Offered knowledge of Conjure Ball Lightning by Vehumet.
  3827 | D        | Noticed an anaconda
  3831 | D        | Killed an anaconda
  4070 | D        | Noticed a naga warrior
  4070 | D        | Noticed a nagaraja
  4074 | D        | Offered knowledge of Orb of Destruction by Vehumet.
  4078 | D        | Killed a nagaraja
  4079 | D        | Killed a naga warrior
  4079 | D        | Reached skill level 19 in Spellcasting
  4080 | D        | Found Buluqah's Magic Scroll Boutique.
  4080 | D        | Found Igothreo's Gadget Emporium.
  4083 | D        | Found Dist's Antique Weapon Shop.
  4186 | D        | Got a serpentine rune of Zot
  4263 | D        | Noticed an azure jelly
  4263 | D        | Noticed an azure jelly
  4264 | D        | Noticed a dire elephant
  4264 | D        | Noticed a dire elephant
  4264 | D        | Noticed Gastronok
  4270 | D        | HP: 3/77 [dire elephant (35)]
  4271 | D        | Slain by a dire elephant

Vault maps used:
D:        dungeon_sprint_mu

Skill      XL: |  1  2  3  4  5  6  7  8  9 10 11 12 |
---------------+-------------------------------------+-----
Armour         | 1 2 3 4 5 6 7 8 9 |  9.6
Dodging        | 3 4 5 7 8 9 10 11 12 13 | 13.1
Spellcasting   | 4 5 6 7 10 12 13 15 16 18 19 | 19.1
Fighting       | 1 2 4 5 6 7 8 9 |  9.7
Conjurations   | 2 3 4 6 7 8 9 10 11 12 | 12.2
Fire Magic     | 4 5 6 7 8 9 10 11 12 | 12.4
Short Blades   | 3 4 5 7 8 9 10 | 10.3
Earth Magic    | 4 6 8 |  8.0
Ice Magic      | 4 6 7 |  7.9
Poison Magic   | 1 5 6 |  6.9
Air Magic      | 2 |  2.9
Stealth        | |  2.4

Action                   |  1- 3 |  4- 6 |  7- 9 | 10-12 || total
-------------------------+-------+-------+-------+-------++-------
Melee: Dagger            |       |       |       |    18 ||    18
       Kick              |       |       |       |     4 ||     4
 Cast: Flame Tongue      |    20 |     4 |    50 |    30 ||   104
       Throw Flame       |     5 |       |     1 |     6 ||    12
       Conjure Flame     |       |     1 |     3 |     4 ||     8
       Sticky Flame      |       |     3 |     6 |     8 ||    17
       Fireball          |       |       |     7 |     5 ||    12
       Bolt of Magma     |       |       |       |    60 ||    60
       Olgreb's Toxic Ra |       |       |       |     9 ||     9
       Iron Shot         |       |       |       |    17 ||    17
       Freezing Cloud    |       |       |       |     4 ||     4
  Use: Potion            |       |     6 |     1 |     5 ||    12
       Scroll            |       |     3 |       |     1 ||     4
  Eat: Chunk             |       |       |     2 |     3 ||     5
       Royal jelly       |       |       |     1 |       ||     1
       Bread ration      |       |       |       |     1 ||     1
Armor: Robe              |       |     2 |       |    12 ||    14
Dodge: Dodged            |     4 |       |    11 |    81 ||    96
